 Dungeon Crawl Stone Soup version 0.28-a0-2-g643f2454ad (webtiles) character file.

Game seed: 1860340240023393957

33 tilp the Magician (level 3, 0/15 HPs)
             Began as a Felid Hedge Wizard on July 23, 2021.
             Was an Initiate of Makhleb.
             Succumbed to an adder's poison
             ... on level 1 of the Dungeon.
             The game lasted 00:03:14 (2545 turns).

tilp the Magician (Felid Hedge Wizard)              Turns: 2545, Time: 00:03:14

Health: 0/15       AC:  1    Str:  6    XL:     3   Next: 12%
Magic:  1/8        EV: 17    Int: 16    God:    Makhleb [......]
Gold:   33         SH:  0    Dex: 15    Spells: 1/8 levels left
                                        Lives:  0   Deaths: 0

rFire   . . .      SeeInvis +     - Unarmed
rCold   . . .      Faith    .   (shield unavailable)
rNeg    . . .      Spirit   +   (armour unavailable)
rPois   .          Reflect  .   (helmet unavailable)
rElec   .          Harm     .   (cloak unavailable)
rCorr   .          Rampage  .   (gloves unavailable)
Will    .....                   (boots unavailable)
Stlth   ++........              e - amulet of guardian spirit
HPRegen 0.05/turn               (no ring)
MPRegen 0.11/turn               (no ring)

@: lethally poisoned (0 -> -1), attractive, invisible, quick
A: very small, claws 1, fangs 3, see invisible, speed 1, shaggy fur 1, stealthy
paws, no weapons or thrown items, no armour, multi-lived
a: Renounce Religion


You were on level 1 of the Dungeon.
You worshipped Makhleb.
Makhleb was noncommittal.
You visited 1 branch of the dungeon, and saw 2 of its levels.

You collected 33 gold pieces.

Inventory:

Jewellery
 e - an amulet of guardian spirit (around neck)
Potions
 a - a potion of ambrosia {unknown}
 c - a potion of attraction
 d - a potion of curing {unknown}
 i - 2 potions of magic


   Skills:
 + Level 1.3 Fighting
 - Level 2.6 Dodging
 - Level 2.6 Stealth
 * Level 2.2 Unarmed Combat
 - Level 3.0 Spellcasting
 - Level 0.8 Conjurations
 - Level 1.0 Summonings
 - Level 1.5 Translocations


You had one spell level left.
You knew the following spells:

 Your Spells              Type           Power      Damage    Failure   Level
a - Magic Dart            Conj           20%        1d4       13%         1
b - Blink                 Tloc           N/A        N/A       16%         2
c - Call Imp              Summ           5%         N/A       19%         2
d - Slow                  Hex            2%         N/A       28%         2

Your spell library contained the following spells:

 Spells                   Type           Power      Damage    Failure   Level
 Conjure Flame            Conj/Fire      3%         6-21      43%         3
 Mephitic Cloud           Conj/Pois/Air  3%         N/A       45%         3
 Blade Hands              Tmut           1%         N/A       99%         5
 Portal Projectile        Hex/Tloc       Unusable   N/A       N/A         3
 Excruciating Wounds      Necr           Unusable   N/A       N/A         5

Dungeon Overview and Level Annotations

Branches:
Dungeon (2/15)

Altars:
Makhleb


Innate Abilities, Weirdness & Mutations

You have sharp claws.
You have razor-sharp teeth.
You have supernaturally acute eyesight. (SInv)
You cover ground quickly. (Speed+)
You are covered in fur. (AC +1)
Your paws help you pounce on unaware monsters.
You are incapable of wielding weapons or throwing items.
You cannot wear armour.
You gain extra lives every three experience levels.


Message History

Confirm with . or Enter, or press ? or * to list all spells.
You blink.
A frilled lizard and 3 jackals come into view.
The jackal barks! x3
Found a scroll labelled UFYTOS EQUI.
Unknown command.
The adder completely misses you. The adder barely misses you.
The adder bites you.
There is a stone staircase leading up here.
The adder bites you.
You climb upwards.
There is a stone staircase leading down here.
Unknown command.
Casting: Blink (safe; 16% risk of failure)
Confirm with . or Enter, or press ? or * to list all spells.
You blink.
The adder misses you.
Casting: Blink (safe; 16% risk of failure)
Confirm with . or Enter, or press ? or * to list all spells.
You blink.
Unknown command.
The adder bites you. The adder bites you.
You are poisoned.
The adder poisons you!
Casting: Blink (safe; 16% risk of failure)
Confirm with . or Enter, or press ? or * to list all spells.
You don't have enough magic to cast this spell.
You feel sick.
You feel sick.
You feel sick.
You feel sick.
It was a potion of attraction.
You feel attractive to monsters.
You feel sick. The adder bites you.
* * * LOW HITPOINT WARNING * * *
Unknown command.
It was a potion of invisibility.
You fade into invisibility!
You die...

.# ####....#### ##..)......# .#
#.#..# ##..........# .##
###....### #..#.###.#.## ..###
#...##...###.##.# #.#.## ....#
##...####..##....# #.#..#
.##.####....# ##.#..#### #.##.#
)....)....### #....# #.##.#
...........######S...######.##.##
...###.###......@.......##.......
####...###..........#....#.......
.....####..#.....######..........
ยง....###....[##### ##.........
.....##....### ##...##.##
##.####....# ####...##.## #..#
#...## #####......##..# #.##
#...# #####.....###..###.# #.#
##### ##.....##### #......#


You could see an adder.

Vanquished Creatures
  A dart slug (D:1)
  3 ball pythons
  2 bats
  An endoplasm (D:1)
  2 giant cockroaches (D:1)
  2 goblins
  3 hobgoblins
  6 kobolds
  A quokka (D:1)
  2 frilled lizards (D:1)
  A rat (D:1)
24 creatures vanquished.

Vanquished Creatures (collateral kills)
  An endoplasm (D:1)
  A kobold (D:1)
2 creatures vanquished.

Grand Total: 26 creatures vanquished

Notes
Turn   | Place    | Note
-------+----------+-------------------------------------------
     0 | D:1      | tilp the Felid Hedge Wizard began the quest for the Orb.
     0 | D:1      | Reached XP level 1. HP: 7/7 MP: 5/5
   574 | D:1      | Reached skill level 1 in Unarmed Combat
   695 | D:1      | Reached XP level 2. HP: 12/12 MP: 4/7
   902 | D:1      | Reached skill level 1 in Fighting
  1215 | D:1      | Learned a level 2 spell: Blink
  1218 | D:1      | Learned a level 2 spell: Call Imp
  1221 | D:1      | Learned a level 2 spell: Slow
  2146 | D:2      | Reached XP level 3. HP: 8/15 MP: 3/8
  2389 | D:2      | Found a burning altar of Makhleb.
  2428 | D:2      | Became a worshipper of Makhleb the Destroyer
  2545 | D:1      | Succumbed to an adder's poison

Illustrated notes

Levels and vault maps discovered:
D:1:      dpeg_arrival_erosion, layout_rooms
D:2:      layout_loops_cross, basic_altar, serial_glass, glass_columns_a,
          glass_columns_a, feat_on_display, minmay_strange_pillars

Skill      XL: |  1  2 |
---------------+-------+-----
Unarmed Combat | 1 2 |  2.2
Fighting       | 1 |  1.3
Dodging        | |  2.6
Stealth        | |  2.6
Spellcasting   | |  3.0
Conjurations   | |  0.8
Summonings     | |  1.0
Translocations | |  1.5

Action                   || total
-------------------------++-------
Melee: Unarmed           ||    54
       Bite              ||     2
 Cast: Magic Dart        ||    33
       Call Imp          ||     5
       Blink             ||     5
  Use: Scroll            ||     5
       Potion            ||     2
 Stab: Sleeping          ||     2
Armor: Skin              ||     1
Dodge: Dodged            ||    42

Table legend: (Time is in decaauts)
 A = Elapsed time spent in this place.
 B = Non-inter-level travel time spent in this place.
 C = Inter-level travel time spent in this place.
 D = Time resting spent in this place.
 E = Time spent auto-exploring this place.
 F = Levels seen in this place.
 G = Mean time per level.
                   A        B        C        D        E       F      G
               +--------+--------+--------+--------+--------+-----+--------+
         Total |   2416 |   2381 |     35 |   1615 |    538 |   2 | 1208.0 |
       Dungeon |   2416 |   2381 |     35 |   1615 |    538 |   2 | 1208.0 |
               +--------+--------+--------+--------+--------+-----+--------+

Top non-repeatable levels by time:
     D:1: 2041 daAuts
     D:2: 375 daAuts
